 Dungeon Sprint DCSS version 0.19.1-1-g22dce08 (webtiles) character file.

12989 dvd the Severer (level 11, -12/114 HPs)
             Began as a Minotaur Gladiator on Jan 3, 2017.
             Was a High Priest of Okawaru.
             Mangled by a dire elephant (21 damage)
             ... in the Dungeon (Sprint III: "The Ten Rune Challenge").
             The game lasted 00:11:01 (3160 turns).

dvd the Severer (Minotaur Gladiator)                Turns: 3160, Time: 00:11:02

Health: -12/114    AC: 11    Str: 22    XL:     11   Next: 69%
Magic:  13/13      EV: 18    Int:  9    God:    Okawaru [*****.]
Gold:   6127       SH:  0    Dex: 14    Spells: 0 memorised, 10 levels left

rFire  . . .     SeeInvis .     j - +4 rapier (protect)
rCold  . . .     Gourm    .     v - +0 scale mail (curse)
rNeg   . . .     Faith    .     (no shield)
rPois  .         Spirit   .     (helmet unavailable)
rElec  .         Reflect  .     (no cloak)
rCorr  .         Harm     .     (no gloves)
MR     .....     NoTele   +     (no boots)
Stlth  +.........               (no amulet)
                                (no ring)
                                (no ring)

@: slowed, very slow
A: retaliatory headbutt, horns 3, slimy green scales 1, agile 1, clever 2,
mutation resistance 1, no device heal 1
a: Heroism, Finesse, Renounce Religion


You were in the Dungeon.
You worshipped Okawaru.
Okawaru was extremely pleased with you.
You were not hungry.

You visited 1 branch You collected 6127 gold pieces.

Inventory:

Hand Weapons
 a - a +0 war axe
 j - a +4 rapier of protection (weapon)
 l - a +0 whip
 t - a +0 dagger of speed
 x - a +0 long sword of holy wrath
 A - a +0 scimitar of flaming
Missiles
 d - 2 throwing nets (quivered)
Armour
 b - a +0 leather armour
 c - a +0 hat
 m - a +0 ring mail
 s - a +0 hat of see invisible
 v - a cursed +0 scale mail (worn)
Wands
 e - a wand of lightning (4/15)
 n - a wand of random effects (27/48)
Scrolls
 p - a scroll of holy word
 q - 2 scrolls of identify
 r - 3 scrolls of remove curse
Potions
 h - a potion of haste
 i - 2 potions of magic
 w - a potion of cure mutation
Books
 y - a book of Cantrips

   Spells                             Type                      Level
   a - Confusing Touch                Hexes                        1
   b - Animate Skeleton               Necromancy                   1
   c - Summon Small Mammal            Summoning                    1
   d - Apportation                    Translocation                1
 z - a book of Geomancy

   Spells                             Type                      Level
   a - Sandblast                      Earth                        1
   b - Passwall                       Transmutation/Earth          2
   c - Stone Arrow                    Conjuration/Earth            3
   d - Petrify                        Transmutation/Earth          4
   e - Lee's Rapid Deconstruction     Earth                        5
Miscellaneous
 o - a phantom mirror
Comestibles
 f - a bread ration
 k - 4 chunks of flesh
 u - 2 royal jellies


   Skills:
 + Level 16.0 Fighting
 + Level 20.5 Axes
 + Level 5.4 Throwing
 + Level 14.4 Armour
 + Level 12.9 Dodging
 + Level 3.0 Stealth
 + Level 4.2 Invocations


You had 10 spell levels left.
You didn't know any spells.

Dungeon Overview and Level Annotations

Branches:
Dungeon (1/1)

Altars:
Cheibriados
Dithmenos
Elyvilon
Fedhas
Gozag
Hepliaklqana
Kikubaaqudgha
Makhleb
Nemelex Xobeh
Okawaru
Qazlal
Ru
Sif Muna
Trog
Uskayaw
Vehumet
Xom
Yredelemnul
Zin
The Shining One
Beogh
Jiyva
Lugonu

Shops:
D ?


Innate Abilities, Weirdness & Mutations

You reflexively headbutt those who attack you in melee.
You have a pair of large horns on your head.
You are partially covered in slimy green scales. (AC +2)
You are agile. (Dex +2)
Your mind is very acute. (Int +4)
You are somewhat resistant to further mutation.
Potions and wands are less effective at restoring your health.


Message History

The dire elephant completely misses you.
You furiously retaliate!
You headbutt the dire elephant. The dire elephant misses you.
The dire elephant tramples you!!
* * * LOW HITPOINT WARNING * * *
You stumble backwards!
You enter the shallow water.
Moving in this stuff is going to be slow.
The dire elephant tramples you.
* * * LOW HITPOINT WARNING * * *
You hold your ground!
The dire elephant barely misses you.
The dire elephant tramples you but does no damage.
The dire elephant trunk-slaps you but does no damage.
The dire elephant tramples you but does no damage.
The dire elephant trunk-slaps you.
* * * LOW HITPOINT WARNING * * *
There is an open door, spattered with blood here.
You enter the shallow water.
Moving in this stuff is going to be slow.
The dire elephant tramples you!!
You die...

..###...'.⌠........#)##..#.####.'
.####...#...######'#.######...###
.###....#.⌠.#__#...#'############
.##.....#...#__#...#..§§≈§.#.'...
.#......#)###__#..§#.#§§§#.#.#.).
#.#.....#...#__#...'.#§§§#.#.#.).
####....#___#__'...#.#§§§#...#)..
▓▓▓▓▓▓▓▓▓▓▓▓▓▓▓▓▓▓▓▓▓▓▓▓▓▓▓▓▓▓▓▓▓
≈≈≈≈≈♣♣...÷.♣♣♣♣@≈≈........≈≈≈...
§§≈≈≈♣♣.≈≈≈≈'♣♣Y♣≈≈≈≈≈≈≈≈≈≈≈≈♣♣P.
§Y≈≈≈≈'.....#.≈♣♣♣♣♣♣♣♣♣♣♣♣♣♣♣♣PP
§§≈≈≈♣♣♣♣♣♣♣#..♣ ♣♣♣ ≈§≈≈≈♣ ###+
######


You could see a dire elephant.

Vanquished Creatures
  Gastronok (D)
  A dire elephant (D)
  A centaur warrior (D)
  Erica (D)
  An orc high priest (D)
  3 deep elf knights (D)
  An unseen horror (D)
  3 deep elf magi (D)
  2 orc sorcerers (D)
  2 elephants (D)
  A rime drake (D)
  2 spiny frogs (D)
  A komodo dragon (D)
  5 blink frogs (D)
  2 wandering mushrooms (D)
  A shadow (D)
  A spatial vortex (D)
  A swamp drake (D)
  An orc warrior (D)
  A necrophage (D)
  2 centaurs (D)
  An earth elemental (D)
  A water elemental (D)
  A jelly (D)
  6 orc priests (D)
  2 orc wizards (D)
  A wizard (D)
  Jessica (D)
  A necromancer (D)
  3 humans (D)
  A kobold demonologist (D)
  A wolf (D)
  An ooze (D)
  6 orcs (D)
  2 rats (D)
62 creatures vanquished.

Vanquished Creatures (others)
  2 draconian scorchers (D)
  6 hellions (D)
  2 yaktaurs (D)
  A wandering mushroom (D)
  7 plants (D)
18 creatures vanquished.

Grand Total: 80 creatures vanquished

Notes
Turn   | Place    | Note
-------+----------+-------------------------------------------
     0 | D        | dvd the Minotaur Gladiator began the quest for the Orb.
     0 | D        | Reached XP level 1. HP: 18/18 MP: 0/0
     8 | D        | Reached skill level 4 in Axes
    27 | D        | Noticed Jessica
    33 | D        | Killed Jessica
    33 | D        | Reached skill level 5 in Axes
    33 | D        | Reached skill level 5 in Dodging
    33 | D        | Reached XP level 2. HP: 24/26 MP: 1/1
    33 | D        | Reached XP level 3. HP: 29/31 MP: 2/2
    72 | D        | Reached skill level 6 in Axes
    79 | D        | Reached skill level 1 in Armour
    94 | D        | Killed a yaktaur
   100 | D        | Killed a hellion
   102 | D        | Killed a hellion
   112 | D        | Killed a hellion
   114 | D        | Killed a hellion
   125 | D        | Killed a hellion
   125 | D        | Killed a hellion
   219 | D        | Killed a white draconian scorcher
   247 | D        | Killed a white draconian scorcher
   287 | D        | Gained mutation: Your mind is acute. (Int +2) [potion of mutation]
   287 | D        | Gained mutation: Armour fits poorly on your strangely shaped body. [potion of mutation]
   287 | D        | Gained mutation: Potions and wands are less effective at restoring your health. [potion of mutation]
   288 | D        | Lost mutation: Armour fits poorly on your strangely shaped body. [potion of mutation]
   288 | D        | Gained mutation: Your mind is very acute. (Int +4) [potion of mutation]
   288 | D        | Gained mutation: You are partially covered in slimy green scales. (AC +2) [potion of mutation]
   293 | D        | Noticed a water elemental
   298 | D        | Killed a water elemental
   298 | D        | Reached skill level 7 in Axes
   298 | D        | Reached XP level 4. HP: 41/41 MP: 3/3
   304 | D        | Found a hide-covered altar of Uskayaw.
   304 | D        | Found a roughly hewn altar of Beogh.
   304 | D        | Found an iron altar of Okawaru.
   304 | D        | Found a bloodstained altar of Trog.
   304 | D        | Noticed a human
   306 | D        | Noticed a human
   309 | D        | Killed a human
   309 | D        | Reached skill level 5 in Fighting
   309 | D        | Reached skill level 10 in Axes
   309 | D        | Reached XP level 5. HP: 50/50 MP: 4/4
   312 | D        | Killed a human
   312 | D        | Reached skill level 11 in Axes
   312 | D        | Reached XP level 6. HP: 58/58 MP: 5/5
   335 | D        | Became a worshipper of Warmaster Okawaru
   344 | D        | Found a glowing silver altar of Zin.
   344 | D        | Found a glowing golden altar of the Shining One.
   344 | D        | Found a white marble altar of Elyvilon.
   345 | D        | Noticed a deep elf mage
   351 | D        | Killed a deep elf mage
   351 | D        | Reached skill level 13 in Axes
   351 | D        | Reached skill level 5 in Throwing
   351 | D        | Reached skill level 10 in Dodging
   351 | D        | Reached XP level 7. HP: 57/68 MP: 6/6
   401 | D        | Found a radiant altar of Vehumet.
   411 | D        | Noticed a hellwing
   416 | D        | Found a deep blue altar of Sif Muna.
   416 | D        | Found an ancient bone altar of Kikubaaqudgha.
   438 | D        | Found a basalt altar of Yredelemnul.
   438 | D        | Found a shadowy altar of Dithmenos.
   438 | D        | Found a sacrificial altar of Ru.
   458 | D        | Noticed a shadow
   464 | D        | Killed a shadow
   464 | D        | Reached * piety under Okawaru
   464 | D        | Reached skill level 14 in Axes
   464 | D        | Reached XP level 8. HP: 41/75 MP: 7/7
   464 | D        | Reached skill level 5 in Armour
   619 | D        | Found a blossoming altar of Fedhas.
   619 | D        | Found a stormy altar of Qazlal.
   619 | D        | Found a snail-covered altar of Cheibriados.
   619 | D        | Found a burning altar of Makhleb.
   619 | D        | Found a shimmering altar of Xom.
   620 | D        | Found a hazy altar of Hepliaklqana.
   620 | D        | Found an opulent altar of Gozag.
   620 | D        | Found a sparkling altar of Nemelex Xobeh.
   620 | D        | Found a corrupted altar of Lugonu.
   620 | D        | Found a viscous altar of Jiyva.
   670 | D        | Noticed Erica
   682 | D        | HP: 1/77 [something/wand of lightning (15)]
   688 | D        | Killed Erica
   688 | D        | Reached skill level 15 in Axes
  1014 | D        | Found Cohuj's Magic Scroll Shoppe.
  1017 | D        | Noticed an orc sorcerer
  1020 | D        | Killed an orc sorcerer
  1020 | D        | Reached ** piety under Okawaru
  1020 | D        | Reached skill level 10 in Fighting
  1020 | D        | Reached skill level 16 in Axes
  1020 | D        | Reached XP level 9. HP: 85/85 MP: 8/8
  1022 | D        | Noticed an orc sorcerer
  1026 | D        | Noticed an orc high priest
  1032 | D        | Killed an orc sorcerer
  1034 | D        | Noticed a sixfirhy
  1034 | D        | Noticed an orange demon
  1034 | D        | Reached skill level 17 in Axes
  1038 | D        | Noticed an orange demon
  1038 | D        | Noticed a rust devil
  1039 | D        | Killed an orc high priest
  1039 | D        | Reached *** piety under Okawaru
  1039 | D        | Reached skill level 1 in Stealth
  1039 | D        | Reached skill level 1 in Invocations
  1414 | D        | Noticed a centaur warrior
  1421 | D        | Killed a centaur warrior
  1421 | D        | Reached skill level 18 in Axes
  1421 | D        | Reached skill level 10 in Armour
  1421 | D        | Reached XP level 10. HP: 62/97 MP: 6/10
  1599 | D        | Noticed a deep elf knight
  1599 | D        | Noticed a deep elf knight
  1599 | D        | Noticed a deep elf knight
  1599 | D        | Noticed a deep elf mage
  1599 | D        | Noticed a deep elf mage
  1605 | D        | Killed a deep elf knight
  1619 | D        | Killed a deep elf knight
  1619 | D        | Reached **** piety under Okawaru
  1619 | D        | Received a gift from Okawaru
  1624 | D        | Killed a deep elf mage
  1633 | D        | HP: 5/100 [deep elf knight/short sword (8)]
  1636 | D        | Killed a deep elf knight
  1636 | D        | Reached skill level 19 in Axes
  1644 | D        | Killed a deep elf mage
  1644 | D        | Reached ***** piety under Okawaru
  1977 | D        | Killed an unseen horror
  1977 | D        | Received a gift from Okawaru
  2305 | D        | Reached XP level 11. HP: 104/108 MP: 12/12
  2542 | D        | Reached skill level 20 in Axes
  2746 | D        | Noticed a dire elephant
  2747 | D        | Noticed a dire elephant
  2748 | D        | Noticed Gastronok
  3089 | D        | Killed a dire elephant
  3089 | D        | Reached skill level 15 in Fighting
  3093 | D        | Received a gift from Okawaru
  3116 | D        | Killed Gastronok
  3120 | D        | Gained mutation: You have a pair of large horns on your head. [potion of mutation]
  3120 | D        | Gained mutation: You are somewhat resistant to further mutation. [potion of mutation]
  3120 | D        | Gained mutation: You are agile. (Dex +2) [potion of mutation]
  3160 | D        | Mangled by a dire elephant

Skill      XL: |  1  2  3  4  5  6  7  8  9 10 11 |
---------------+----------------------------------+-----
Axes           | 5 7 10 11 13 14 16 18 19 20 | 20.5
Dodging        | 5 7 8 9 10 11 12 | 12.9
Fighting       | 3 4 5 6 8 10 11 13 16 | 16.0
Throwing       | 3 4 5 |  5.4
Armour         | 1 2 3 4 7 10 12 14 | 14.4
Stealth        | 1 2 3 |  3.0
Invocations    | 1 3 4 |  4.2

Action                   |  1- 3 |  4- 6 |  7- 9 | 10-12 || total
-------------------------+-------+-------+-------+-------++-------
Melee: War axe           |    23 |    12 |    86 |   148 ||   269
       Headbutt          |     4 |     3 |    20 |    38 ||    65
       Punch             |       |       |       |     5 ||     5
       Rapier            |       |       |       |     1 ||     1
Throw: Throwing net      |     1 |       |       |       ||     1
Invok: Heroism           |       |       |     3 |     6 ||     9
  Use: Potion            |     4 |     1 |     2 |     5 ||    12
       Scroll            |       |       |     3 |     1 ||     4
  Eat: Chunk             |       |       |     1 |     2 ||     3
       Meat ration       |       |       |       |     1 ||     1
Armor: Leather armour    |     2 |       |       |       ||     2
       Ring mail         |     1 |     1 |       |       ||     2
       Scale mail        |       |     1 |    10 |    34 ||    45
Dodge: Dodged            |    18 |     2 |    41 |    92 ||   153
